 Dungeon Crawl Stone Soup version 0.31-a0-1008-g5b978dac0e (webtiles) character file.

Game seed: 14367614047974911736

112 GenialerGandalf the Chopper (level 4, 0/40 HPs)
             Began as a Hill Orc Fighter on Nov 12, 2023.
             Was an Initiate of Beogh.
             Slain by a jackal (3 damage)
             ... on level 4 of the Dungeon.
             The game lasted 00:04:05 (2205 turns).

GenialerGandalf the Chopper (Hill Orc Fighter)      Turns: 2205, Time: 00:04:08

Health: 0/40       AC:  7    Str: 20    XL:     4   Next: 95%
Magic:  4/4        EV:  9    Int:  8    God:    Beogh [......]
Gold:   116        SH:  4    Dex: 10    Spells: 3/3 levels left

rFire   . . .        a - +0 war axe
rCold   . . .        c - +0 buckler
rNeg    . . .        b - +0 scale mail
rPois   .            (no helmet)
rElec   .            (no cloak)
rCorr   .            (no gloves)
SInv    .            (no boots)
Will    .....        (no amulet) Stlth
                     (no ring)
HPRegen 0.26/turn    (no ring)
MPRegen 0.09/turn

%: no passive effects
@: mighty, lethally poisoned (0 -> -11)
A: no striking features
a: Renounce Religion


You were on level 4 of the Dungeon.
You worshipped Beogh.
Beogh was noncommittal.
You visited 1 branch of the dungeon, and saw 4 of its levels.

You collected 116 gold pieces.

Inventory:

Hand Weapons
 a - a +0 war axe (weapon)
Armour
 b - a +0 scale mail (worn)
 c - a +0 buckler (worn)
Jewellery
 h - a ring of fire
 n - a +5 ring of evasion
Wands
 p - a wand of acid (11)
 q - a wand of polymorph (10)
Scrolls
 e - 2 scrolls of vulnerability
 f - a scroll of fear
 k - 2 scrolls of brand weapon {unknown}
 o - a scroll of teleportation {unknown}
Potions
 g - a potion of heal wounds
 j - a potion of degeneration {unknown}
 l - a potion of lignification {unknown}
 m - a potion of curing {unknown}


   Skills:
 + Level 4.2 Fighting
 + Level 4.4 Axes
 + Level 4.1 Armour
 - Level 0.2 Dodging
 + Level 0.5 Stealth
 + Level 3.8 Shields


You had 3 spell levels left.
You didn't know any spells.
Your spell library contained the following spells:

 Spells                   Type           Power      Damage    Failure   Level
 Volatile Blastmotes      Fire/Tloc      0%         2d10      99%         3
 Fulminant Prism          Conj/Hex       0%         3d5       100%        4
 Iskenderun's Mystic Bla  Conj/Tloc      0%         2d3       100%        4


Dungeon Overview and Level Annotations

Branches:
Dungeon (4/15)
 Temple: D:4-7

Altars:

Shops:
D:4 !


Message History

The orc wizard gestures wildly while chanting.
The orc wizard flickers and vanishes!
Deactivating autopickup; reactivate with Ctrl-A.
You feel much better. You block the jackal's attack. Something hits you.
You hit something. You hit the jackal but do no damage.
The jackal closely misses you.
The jackal bites you but does no damage.
Something hits you.
You are poisoned.
You closely miss something. You hit the jackal but do no damage.
You feel very sick. You block the jackal's attack. Something hits you.
* * * LOW HITPOINT WARNING * * *
You are lethally poisoned!
The jackal bites you but does no damage.
You barely miss something. You hit the jackal but do no damage.
* * * LOW HITPOINT WARNING * * *
You feel very sick. The jackal closely misses you. Something hits you.
* * * LOW HITPOINT WARNING * * *
The jackal bites you but does no damage.
You feel much better.
You feel very sick. Something hits you.
You are lethally poisoned!
The jackal bites you but does no damage.
You slash something! You barely miss the jackal.
* * * LOW HITPOINT WARNING * * *
You feel extremely sick. The jackal closely misses you.
Something hits you but does no damage.
The jackal bites you but does no damage.
You hear some strange, mumbled words.
A puff of flame appears from out of thin air!
The puff of flame hits you.
* * * LOW HITPOINT WARNING * * *
You feel very mighty all of a sudden.
* * * LOW HITPOINT WARNING * * *
You feel very sick. The jackal bites you.
You die...

#.............
#.............
#.............
........[....
....))......
###...)......
#####.⌠.)†.......
#......∩)@h#
#(####⌠.{#.# #.#
##.##.# #.# #.#
.# #.# #.# .# #.#
#.# .# #.# #.# .#
#.# #.# .#
########.##


You could see a jackal.

Vanquished Creatures
  Terence (D:2)
  Jessica (D:3)
  2 adders
  A worm (D:2)
  2 dart slugs
  An orc (D:4)
  5 ball pythons
  An endoplasm (D:1)
  2 giant cockroaches
  A goblin (D:2)
  3 hobgoblins
  2 jackals (D:4)
  4 quokkas
  3 bats
  3 frilled lizards
  2 kobolds
  2 rats
36 creatures vanquished.

Vanquished Creatures (others)
  4 orcs (D:4)
4 creatures vanquished.

Grand Total: 40 creatures vanquished

Notes
Turn   | Place    | Note
-------+----------+-------------------------------------------
     0 | D:1      | GenialerGandalf the Hill Orc Fighter began the quest for
                  | the Orb.
     0 | D:1      | Reached XP level 1. HP: 19/19 MP: 1/1
   420 | D:1      | Reached XP level 2. HP: 27/27 MP: 2/2
   665 | D:1      | Found a faded altar of an unknown god.
   860 | D:2      | Noticed Terence
   877 | D:2      | Killed Terence
   878 | D:2      | Reached XP level 3. HP: 6/33 MP: 3/3
  1198 | D:2      | Identified the +1 robe of the Doldrums {Str+4}
  1214 | D:2      | Reached XP level 4. HP: 34/40 MP: 4/4
  1808 | D:3      | Noticed Jessica
  1815 | D:3      | Killed Jessica
  2179 | D:4      | Found Wuqit's Distillery.
  2183 | D:4      | Became a worshipper of Beogh the Brigand
  2205 | D:4      | Slain by a jackal

Illustrated notes

Levels and vault maps discovered:
D:1:      dpeg_arrival_refuge, layout_basic,
          shapermc_ecumenical_altar_hornbeckon, minmay_misc_feat_four_crosses
D:2:      layout_basic, uniq_terence
D:3:      layout_loops_ring, uniq_jessica
D:4:      layout_basic, serial_shops, shop_fountains

Skill      XL: |  1  2  3  4 |
---------------+-------------+-----
Axes           | 3 4 |  4.4
Fighting       | 4 |  4.2
Armour         | 4 |  4.1
Dodging        | |  0.2
Stealth        | |  0.5
Shields        | |  3.8

Action                     |  1- 3 |  4- 6 || total
---------------------------+-------+-------++-------
  Melee: War axe           |    66 |    36 ||   102
 Invoke: Convert to Beogh  |       |     1 ||     1
    Use: Scroll            |     2 |     2 ||     4
         Potion            |       |     3 ||     3
 Armour: Scale mail        |    43 |    52 ||    95
  Dodge: Dodged            |    22 |    23 ||    45
  Block: Buckler           |    19 |     8 ||    27

Table legend: (Time is in decaauts)
 A = Elapsed time spent in this place.
 B = Non-inter-level travel time spent in this place.
 C = Inter-level travel time spent in this place.
 D = Time resting spent in this place.
 E = Time spent auto-exploring this place.
 F = Levels seen in this place.
 G = Mean time per level.
                   A        B        C        D        E       F      G
               +--------+--------+--------+--------+--------+-----+--------+
         Total |   2246 |   2161 |     85 |      0 |   1848 |   4 |  561.5 |
       Dungeon |   2246 |   2161 |     85 |      0 |   1848 |   4 |  561.5 |
               +--------+--------+--------+--------+--------+-----+--------+

Top non-repeatable levels by time:
     D:3: 770 daAuts
     D:1: 719 daAuts
     D:2: 705 daAuts
     D:4: 51 daAuts
